 Dungeon Crawl Stone Soup version 0.29-a0-1047-g7c58e119a4 (webtiles) character file.

Game seed: 5784812977402777311

476 siradein the Changer (level 7, -2/55 HPs)
             Began as a Merfolk Transmuter on Aug 17, 2022.
             Slain by Edmund
             ... wielding a +7 dire flail of protection
              (8 damage)
             ... on level 4 of the Dungeon.
             The game lasted 00:08:17 (4396 turns).

siradein the Changer (Merfolk Transmuter)           Turns: 4396, Time: 00:08:17

Health: -2/55      AC:  9    Str: 15    XL:     7   Next: 10%
Magic:  10/10      EV: 11    Int: 14    God:
Gold:   256        SH:  0    Dex: 12    Spells: 3/10 levels left

rFire   . . .      SeeInvis +   q - +11 hand axe of World Downfall {vorpal, rC++ Str+4 Dex-2}
rCold   + + +      Faith    .   (no shield)
rNeg    . . .      Spirit   .   h - +1 ring mail {rC+}
rPois   +          Reflect  .   (helmet currently unavailable)
rElec   .          Harm     .   (no cloak)
rCorr   .          Rampage  .   p - +2 pair of gloves
Will    .....                   (boots currently unavailable)
Stlth   +.........              (no amulet)
HPRegen 0.18/turn               n - ring of see invisible
MPRegen 0.12/turn               o - ring of poison resistance

@: appendages
A: horns 2, (nimble swimmer 2), mertail
a: End Transformation


You were on level 4 of the Dungeon.
You had temporarily grown beastly horns.
You visited 1 branch of the dungeon, and saw 5 of its levels.

You collected 295 gold pieces.
You spent 39 gold pieces at shops.

Inventory:

Hand Weapons
 q - the +11 hand axe of World Downfall (weapon) {vorpal, rC++ Str+4 Dex-2}
   (You found it on level 3 of the Dungeon)

   It inflicts extra damage upon your enemies.
   Str:       It affects your strength (+4).
   Dex:       It affects your dexterity (-2).
   rC:        It greatly protects you from cold.
Armour
 f - a +0 pair of boots (melded)
 h - a +1 ring mail of cold resistance (worn)
 p - a +2 pair of gloves (worn)
Jewellery
 n - a ring of see invisible (left hand)
 o - a ring of poison resistance (right hand)
Wands
 r - a wand of iceblast (17)
Scrolls
 e - a scroll of magic mapping {unknown}
 i - 2 scrolls of fear {unknown}
 k - 2 scrolls of butterflies {unknown}
 m - 2 scrolls of amnesia {unknown}
 s - a scroll of teleportation {unknown}
 t - a scroll of vulnerability {unknown}
 u - a scroll of enchant weapon {unknown}
 v - a scroll of enchant armour {unknown}
 x - a scroll of brand weapon {unknown}
Potions
 a - a potion of heal wounds
 b - 4 potions of lignification
 c - a potion of berserk rage
 d - 5 potions of curing
 g - a potion of cancellation
 j - a potion of brilliance
 l - a potion of degeneration {unknown}
 w - a potion of might


   Skills:
 + Level 4.9 Fighting
 + Level 3.2 Dodging
 + Level 3.5 Unarmed Combat
 + Level 2.2 Spellcasting
 + Level 6.3 Transmutations
 + Level 2.5 Ice Magic


You had 3 spell levels left.
You knew the following spells:

 Your Spells              Type           Power      Damage    Failure   Level
a - Beastly Appendage     Tmut           38%        N/A       3%          1
b - Wereblood             Tmut           19%        N/A       4%          2
c - Ice Form              Ice/Tmut       14%        N/A       58%         4

Your spell library contained the following spells:

 Spells                   Type           Power      Damage    Failure   Level
 Spider Form              Tmut/Pois      10%        N/A       36%         3
 Apportation              Tloc           2%         N/A       43%         1
 Magic Dart               Conj           4%         1d3       43%         1
 Necrotise                Necr           4%         1d4       43%         1
 Shock                    Conj/Air       4%         1d3       43%         1
 Summon Small Mammal      Summ           4%         N/A       43%         1
 Call Imp                 Summ           1%         N/A       56%         2
 Mephitic Cloud           Conj/Pois/Air  1%         N/A       80%         3
 Swiftness                Air            1%         N/A       80%         3
 Airstrike                Air            0%         2d(1-17)  99%         4


Dungeon Overview and Level Annotations

Branches:
Dungeon (5/15)
 Temple: D:4-7

Altars:
Cheibriados
Elyvilon
Kikubaaqudgha
Qazlal
Uskayaw
Vehumet
Xom

Shops:
D:1 ?

Annotations:
D:2 1 runed translucent door, Crazy Yiuf
D:4 Edmund


Innate Abilities, Weirdness & Mutations

You have temporarily grown beastly horns.
((You are very nimble when in or above water. (Stealth+, EV+, Speed+++)))
Your lower body shifts to a powerful aquatic tail in water.


Message History

Found 23 gold pieces.
An endoplasm is nearby!
An endoplasm is nearby!
An endoplasm is nearby!
An endoplasm is nearby!
You grow a pair of large bovine horns.
Your +0 pair of boots melds into your body.
Edmund the Younger comes into view.
He is wielding a +7 dire flail of protection.
Edmund shouts!
There is an open door here.
The endoplasm hits you but does no damage.
You slash the endoplasm!
You kill the endoplasm!
You hit Edmund but do no damage.
Edmund hits you with a +7 dire flail of protection.
You hit Edmund. You headbutt Edmund.
Edmund is moderately wounded.
Edmund hits you with a +7 dire flail of protection!
You hit Edmund but do no damage.
Edmund is moderately wounded.
Edmund barely misses you.
Edmund hits you with a +7 dire flail of protection!
You are too injured to fight recklessly!
You are too injured to fight recklessly!
You are too injured to fight recklessly!
You hit Edmund but do no damage. You headbutt Edmund. Your punch misses Edmund.
Edmund is moderately wounded.
Edmund hits you with a +7 dire flail of protection!
You completely miss Edmund.
Edmund is moderately wounded.
Edmund hits you with a +7 dire flail of protection.
* * * LOW HITPOINT WARNING * * *
You slash Edmund! You headbutt Edmund, but do no damage.
Edmund is heavily wounded.
Edmund drinks a potion.
Edmund is healed!
Edmund hits you with a +7 dire flail of protection!
* * * LOW HITPOINT WARNING * * *
You hit Edmund but do no damage.
Edmund hits you with a +7 dire flail of protection!
You die...

##...#....##).
##8.....8##..#....##..
##.........##.#....##..
#8.........8#.#.....'..
+.....$.....+ #.....#..
#8.........8# #.....#..
#.........# #.....#..
#8..@..8# #######..
#..@..# #.. ##8.8## #..
##'## ... #.. #.# ....
#.. #.# .... #..
#.#######... #..
#........########'
####.....#....##..
#.....#.....'..


You could see Edmund.

Vanquished Creatures
  An ogre (D:5)
  A phantom (D:4)
  A scorpion (D:4)
  Jessica (D:2)
  An iguana (D:5)
  Natasha (twice) (D:3)
  Terence (D:3)
  8 adders
  3 dart slugs
  An orc (D:5)
  7 endoplasms
  3 giant cockroaches
  6 goblins
  4 hobgoblins
  2 jackals (D:1)
  A quokka (D:5)
  6 ball pythons
  2 bats
  13 kobolds
  5 rats
69 creatures vanquished.

Notes
Turn   | Place    | Note
-------+----------+-------------------------------------------
     0 | D:1      | siradein the Merfolk Transmuter began the quest for the
                  | Orb.
     0 | D:1      | Reached XP level 1. HP: 15/15 MP: 3/3
    37 | D:1      | Found a faded altar of an unknown god.
   239 | D:1      | Reached skill level 3 in Transmutations
   288 | D:1      | Found Veqoceve's Magic Scroll Shop.
   294 | D:1      | Bought a scroll of identify for 26 gold pieces
   295 | D:1      | Bought a scroll of noise for 13 gold pieces
   314 | D:1      | Reached XP level 2. HP: 22/22 MP: 3/5
   389 | D:1      | Learned a level 2 spell: Wereblood
   791 | D:1      | Reached XP level 3. HP: 17/27 MP: 3/6
  1345 | D:2      | Reached skill level 4 in Transmutations
  1983 | D:2      | Found a white marble altar of Elyvilon.
  2066 | D:2      | Noticed Jessica
  2073 | D:2      | Killed Jessica
  2074 | D:2      | Reached XP level 4. HP: 31/35 MP: 5/7
  2116 | D:2      | Found a runed translucent door.
  2117 | D:2      | Noticed Crazy Yiuf
  2506 | D:3      | Found a radiant altar of Vehumet.
  2617 | D:3      | Found a shimmering altar of Xom.
  2620 | D:3      | Found a shimmering altar of Xom.
  2627 | D:3      | Found a shimmering altar of Xom.
  2768 | D:3      | Identified the +11 hand axe of World Downfall {vorpal, rC++
                  | Str+4 Dex-2}
  2833 | D:3      | Reached skill level 5 in Transmutations
  2833 | D:3      | Reached XP level 5. HP: 42/42 MP: 6/8
  2879 | D:3      | Noticed Natasha
  2885 | D:3      | Killed Natasha
  2935 | D:3      | Noticed Terence
  2982 | D:3      | Learned a level 4 spell: Ice Form
  3023 | D:3      | Killed Terence
  3120 | D:3      | Noticed Natasha
  3129 | D:3      | Killed Natasha
  3130 | D:3      | Reached skill level 1 in Ice Magic
  3458 | D:4      | You fall into a shaft and drop 1 floor!
  3458 | D:5      | Entered Level 5 of the Dungeon
  3544 | D:5      | Reached XP level 6. HP: 49/49 MP: 7/9
  3651 | D:5      | Reached skill level 6 in Transmutations
  3933 | D:5      | Found an ancient bone altar of Kikubaaqudgha.
  3941 | D:5      | Found a stormy altar of Qazlal.
  3991 | D:4      | Found a hide-covered altar of Uskayaw.
  3991 | D:4      | Found a snail-covered altar of Cheibriados.
  4342 | D:4      | Reached XP level 7. HP: 55/55 MP: 8/10
  4386 | D:4      | Noticed Edmund
  4396 | D:4      | Slain by Edmund

Illustrated notes

Levels and vault maps discovered:
D:1:      pf_arrival_petrified_forest, layout_loops_cross,
          shapermc_ecumenical_altar_mp_highgroup, serial_shops,
          nicolae_shop_crystal
D:2:      layout_basic, basic_altar, nicolae_underground_beach,
          uniq_crazy_yiuf_cottage, uniq_jessica
D:3:      layout_loops_ring, xom_redecorated, nicolae_vehumet_radiance,
          uniq_terence, uniq_natasha
D:4:      layout_gridville, jmf_multi_god_temple, minmay_temple_entry_poolview,
          grunt_ministairs_2, dk_noncrumbling_4, uniq_edmund
D:5:      layout_rooms, nicolae_overflow_hidden_temple,
          nicolae_qazlal_scattered_showers

Skill      XL: |  1  2  3  4  5  6 |
---------------+-------------------+-----
Transmutations | 3 4 5 6 |  6.3
Fighting       | 2 3 4 |  4.9
Ice Magic      | 1 2 |  2.5
Dodging        | 3 |  3.2
Unarmed Combat | |  3.5
Spellcasting   | |  2.2

Action                   |  1- 3 |  4- 6 |  7- 9 || total
-------------------------+-------+-------+-------++-------
Melee: Unarmed           |   104 |    45 |       ||   149
       Punch             |     3 |     3 |       ||     6
       Headbutt          |    13 |    11 |     3 ||    27
       Hand axe          |       |    65 |     8 ||    73
       Tailslap          |       |     2 |       ||     2
 Cast: Beastly Appendage |    27 |    28 |     1 ||    56
       Wereblood         |     1 |       |       ||     1
  Use: Scroll            |     2 |     3 |       ||     5
 Stab: Sleeping          |     2 |       |       ||     2
Armor: Robe              |     7 |       |       ||     7
       Leather armour    |    10 |       |       ||    10
       Ring mail         |     7 |    46 |     1 ||    54
Dodge: Dodged            |    47 |    66 |     1 ||   114

Table legend: (Time is in decaauts)
 A = Elapsed time spent in this place.
 B = Non-inter-level travel time spent in this place.
 C = Inter-level travel time spent in this place.
 D = Time resting spent in this place.
 E = Time spent auto-exploring this place.
 F = Levels seen in this place.
 G = Mean time per level.
                   A        B        C        D        E       F      G
               +--------+--------+--------+--------+--------+-----+--------+
         Total |   4409 |   4316 |     93 |     29 |   3622 |   5 |  881.8 |
       Dungeon |   4409 |   4316 |     93 |     29 |   3622 |   5 |  881.8 |
               +--------+--------+--------+--------+--------+-----+--------+

Top non-repeatable levels by time:
     D:2: 1265 daAuts
     D:1: 1142 daAuts
     D:3: 1016 daAuts
     D:5: 514 daAuts
     D:4: 470 daAuts
